 Dungeon Crawl Stone Soup version 0.30.0-21-gd299b56b3f (webtiles) character file.

Game seed: 16220922713004217252

1500 qw the Cleaver (level 8, -9/50 HPs)
             Began as a Gargoyle Fighter on June 2, 2023.
             Was a Follower of Okawaru.
             Mangled by Edmund
             ... wielding a +4 flail of protection
              (13 damage)
             ... on level 6 of the Dungeon.
             The game lasted 00:02:10 (4199 turns).

qw the Cleaver (Gargoyle Fighter)                   Turns: 4199, Time: 00:02:10

Health: -9/50      AC: 21    Str: 22    XL:     8   Next: 81%
Magic:  10/11      EV: 10    Int: 11    God:    Okawaru [*.....]
Gold:   858        SH:  5    Dex:  9    Spells: 7/7 levels left

rFire   + . .        Y - +1 war axe
rCold   + . .        c - +0 buckler
rNeg    + . .        i - +0 chain mail
rPois   inf          (no helmet)
rElec   +            b - scarf of Orthodoxy {shadows, Int+2 SInv}
rCorr   .            a - +1 pair of gloves "Guorrec" {rElec rPois rF+}
SInv    +            f - +1 pair of boots
Will    .....        (no amulet) Stlth
                     m - ring of protection from cold
HPRegen 0.28/turn    (no ring)
MPRegen 0.12/turn

%: no passive effects
@: about to teleport, heroic
A: sickness immunity, AC +5, negative energy resistance 1, electricity
resistance, torment resistance 1, petrification resistance
a: Renounce Religion, Heroism


You were on level 6 of the Dungeon.
You worshipped Okawaru.
Okawaru was aware of your devotion.
You visited 1 branch of the dungeon, and saw 6 of its levels.

You collected 858 gold pieces.


Innate Abilities, Weirdness & Mutations

You are immune to sickness and miasma.
Your stone body is resilient. (AC +5)
You are immune to poison.
You resist negative energy. (rN+)
You are resistant to electric shocks. (rElec)
You are resistant to unholy torment.
You are immune to petrification.


   Skills:
 + Level 5.4(10.4) Fighting
 - Level 8.0(13.0) Axes
 - Level 1.1(6.1) Throwing
 - Level 4.0(9.0) Armour
 - Level 1.0(6.0) Dodging
 - Level 3.2(8.2) Shields
 - Level 4.0 Invocations


You had 7 spell levels left.
You didn't know any spells.
Your spell library was empty.

Inventory:

Hand Weapons
 n - a +0 morningstar
 Y - a +1 war axe (weapon)
Missiles
 j - 3 boomerangs (quivered)
Armour
 a - the +1 pair of gloves "Guorrec" (worn) {rElec rPois rF+}
   (You acquired it on level 1 of the Dungeon)

   rF:        It protects you from fire.
   rElec:     It insulates you from electricity.
   rPois:     It protects you from poison.
 b - the scarf of Orthodoxy (worn) {shadows, Int+2 SInv}
   (You acquired it on level 1 of the Dungeon)

   Int:       It affects your intelligence (+2).
   SInv:      It lets you see invisible.
 c - a +0 buckler (worn)
 f - a +1 pair of boots (worn)
 i - a +0 chain mail (worn)
Jewellery
 h - a ring of fire
 m - a ring of protection from cold (left hand)
Scrolls
 k - 5 scrolls of identify
 p - a scroll of blinking {unknown}
Potions
 d - 3 potions of might
 e - a potion of curing
 l - 2 potions of mutation
 o - a potion of flight {unknown}
 q - a potion of magic {unknown}
 r - a potion of attraction {unknown}

Dungeon Overview and Level Annotations

Branches:
Dungeon (6/15)             Temple (0/1) D:6

Altars:
Makhleb
Nemelex Xobeh
Okawaru
Sif Muna

Shops:
D:4 :

Annotations:
D:6 1 runed translucent door, Edmund; qw's ghost, novice GrFi


Message History

Enter note:
Enter note:
Enter note:
Enter note:
4184 ||| Stepping ~*~*~tactically~*~*~ (stealth).
Edmund shouts!
4186 ||| Stepping ~*~*~tactically~*~*~ (hiding).
You start waiting.
Edmund is nearby!
4189 ||| INVOKING Heroism.
You gain the combat prowess of a mighty hero.
You completely miss Edmund. You barely miss Edmund.
Edmund drinks a potion.
Edmund goes berserk!
You closely miss Edmund. Edmund barely misses you. You block Edmund's attack.
You slash Edmund!
Edmund is moderately wounded.
Edmund barely misses you.
You hit Edmund.
Edmund is moderately wounded.
Edmund hits you with a +4 flail of protection!
You hit Edmund.
Edmund is moderately wounded.
Edmund barely misses you.
You slash Edmund!
Edmund is heavily wounded.
Edmund hits you with a +4 flail of protection!!
Edmund hits you with a +4 flail of protection.
You hit Edmund but do no damage.
Edmund is heavily wounded.
Edmund hits you with a +4 flail of protection!
4198 ||| READING scroll of teleportation.
As you read the scroll of teleportation, it crumbles to dust.
You feel strangely unstable. Edmund hits you but does no damage.
You hit Edmund but do no damage.
Edmund is heavily wounded.
Edmund hits you with a +4 flail of protection!
You die...

##### #...# ... #####
#...# .... ....#
#...#### .... ....##
#...>.# .....
...).######.##.####.....
........................
....#######.###.@@......
........###.# ####.#.###
....###..##.### .#
########......# ..
..####.............@.
.......######...#.....
#...#### .#.# ....#
##...## .#.# .##...#
#.#.#


You could see Edmund (berserk).

Vanquished Creatures
  Sigmund (D:6)
  Duvessa (D:6)
  2 water moccasins (D:5)
  A sky beast (D:6)
  3 ogres
  A phantom (D:5)
  Blork the orc (D:5)
  A bullfrog (D:4)
  A scorpion (D:6)
  Dowan (D:6)
  A howler monkey (D:6)
  3 hounds
  An orc priest (D:5)
  2 orc wizards
  2 iguanas (D:4)
  2 shadow imps
  3 worms
  3 dart slugs
  14 orcs
  4 endoplasms
  2 giant cockroaches
  11 goblins
  8 hobgoblins
  6 kobolds
  7 quokkas
  5 ball pythons
  3 bats
  A frilled lizard (D:2)
  3 rats (D:2)
94 creatures vanquished.

Notes
Turn   | Place    | Note
-------+----------+-------------------------------------------
     0 | D:1      | qw the Gargoyle Fighter began the quest for the Orb.
     0 | D:1      | Reached XP level 1. HP: 14/14 MP: 1/1
     0 | D:1      | 0 ||| qw: Version: 0.2-a-102-gdf20003
     0 | D:1      | 0 ||| qw: Game counter: 878
     0 | D:1      | 0 ||| qw: Always use a shield: true
     0 | D:1      | 0 ||| qw: God list: Okawaru
     0 | D:1      | 0 ||| qw: Allow faded altars: false
     0 | D:1      | 0 ||| qw: Do Orc after D:15 true
     0 | D:1      | 0 ||| qw: Do second Lair branch before Depths: true
     0 | D:1      | 0 ||| qw: Lair rune preference: random
     0 | D:1      | 0 ||| qw: Plans: Normal, Zot:1-4, Slime:5, God:TSO, Crypt,
                  | Tomb, Pan, Hells, Abyss, Win
     0 | D:1      | 0 ||| PLANNING D:1-11
    12 | D:1      | 12 ||| Stepping ~*~*~tactically~*~*~ (hiding).
    13 | D:1      | 13 ||| Stepping ~*~*~tactically~*~*~ (hiding).
    15 | D:1      | 15 ||| Stepping ~*~*~tactically~*~*~ (hiding).
   201 | D:1      | Reached skill level 2 in Axes
   223 | D:1      | 223 ||| Stepping ~*~*~tactically~*~*~ (stealth).
   256 | D:1      | 256 ||| Stepping ~*~*~tactically~*~*~ (hiding).
   267 | D:1      | Reached XP level 2. HP: 19/19 MP: 2/2
   807 | D:1      | Reached skill level 3 in Axes
   985 | D:1      | 985 ||| UPGRADING to +0 chain mail.
   995 | D:1      | 995 ||| DROPPING +0 scale mail.
   996 | D:1      | 996 ||| DROPPING amulet of magic regeneration.
   997 | D:1      | 997 ||| READING scroll labelled RIXZIQ CUG NOMYRRO.
   998 | D:1      | 998 ||| READING scroll labelled ULOPHO TETOH.
   999 | D:1      | 999 ||| READING scroll labelled GAFANUEJUPA.
  1002 | D:1      | 1002 ||| READING scroll labelled YZIGAU BEDD.
  1003 | D:1      | 1003 ||| READING 3 scrolls labelled ZONYT YRCHAREUNN.
  1003 | D:1      | Identified 3 scrolls of acquirement
  1003 | D:1      | 1003 ||| ACQUIRING +1 pair of gloves "Guorrec" {rElec rPois
                  | rF+}
  1003 | D:1      | Acquired the +1 pair of gloves "Guorrec" {rElec rPois rF+}
  1005 | D:1      | 1005 ||| UPGRADING to +1 pair of gloves "Guorrec" {rElec
                  | rPois rF+}.
  1010 | D:1      | 1010 ||| READING 2 scrolls of acquirement.
  1010 | D:1      | 1010 ||| ACQUIRING scarf of Orthodoxy {shadows, Int+2 SInv}
  1010 | D:1      | Acquired the scarf of Orthodoxy {shadows, Int+2 SInv}
  1012 | D:1      | 1012 ||| UPGRADING to scarf of Orthodoxy {shadows, Int+2
                  | SInv}.
  1017 | D:1      | 1017 ||| READING scroll of acquirement.
  1017 | D:1      | 1017 ||| ACQUIRING 628 gold pieces
  1017 | D:1      | Acquired 628 gold pieces
  1019 | D:1      | 1019 ||| DRINKING 2 silvery potions.
  1042 | D:2      | Reached XP level 3. HP: 23/23 MP: 3/3
  1113 | D:2      | Found an iron altar of Okawaru.
  1114 | D:2      | 1114 ||| PLANNING OKAWARU WORSHIP
  1114 | D:2      | 1114 ||| DROPPING scarf of harm.
  1115 | D:2      | 1115 ||| READING 2 scrolls labelled MEINELUGUW.
  1116 | D:2      | 1116 ||| READING scroll labelled RUEZUA ZAFATRAPIC.
  1117 | D:2      | 1117 ||| READING 2 scrolls labelled MIETAU UNIMMAGH.
  1118 | D:2      | 1118 ||| DROPPING scroll of fog.
  1125 | D:2      | Became a worshipper of Warmaster Okawaru
  1125 | D:2      | 1125 ||| PLANNING D:1-11
  1429 | D:2      | 1429 ||| READING scroll labelled HEIGANOTUN.
  1535 | D:3      | 1535 ||| DROPPING +0 whip.
  1570 | D:3      | 1570 ||| Stepping ~*~*~tactically~*~*~ (stealth).
  1572 | D:3      | 1572 ||| Stepping ~*~*~tactically~*~*~ (stealth).
  1614 | D:3      | Reached XP level 4. HP: 28/28 MP: 4/4
  1871 | D:3      | Found a burning altar of Makhleb.
  2082 | D:3      | 2082 ||| UPGRADING to +0 pair of boots.
  2123 | D:4      | Reached skill level 4 in Axes
  2140 | D:4      | 2140 ||| Stepping ~*~*~tactically~*~*~ (stealth).
  2141 | D:4      | 2141 ||| Stepping ~*~*~tactically~*~*~ (stealth).
  2198 | D:4      | Found Jeurhycunn's Self-Improvement Boutique.
  2208 | D:4      | Noticed a bullfrog
  2216 | D:4      | Reached XP level 5. HP: 21/32 MP: 5/5
  2219 | D:4      | Reached skill level 5 in Axes
  2307 | D:4      | Found a sparkling altar of Nemelex Xobeh.
  2384 | D:4      | 2384 ||| Stepping ~*~*~tactically~*~*~ (stealth).
  2385 | D:4      | 2385 ||| Stepping ~*~*~tactically~*~*~ (stealth).
  2501 | D:4      | Noticed an ogre
  2513 | D:4      | Killed an ogre
  2513 | D:4      | Reached * piety under Okawaru
  2514 | D:4      | Reached XP level 6. HP: 21/39 MP: 6/6
  2991 | D:4      | 2991 ||| UPGRADING to ring of protection from cold.
  2992 | D:4      | 2992 ||| READING 5 scrolls of identify.
  2992 | D:4      | 2992 ||| IDENTIFYING red potion
  3006 | D:5      | Entered Level 5 of the Dungeon
  3010 | D:5      | Noticed a water moccasin
  3012 | D:5      | 3012 ||| INVOKING Heroism.
  3013 | D:5      | 3013 ||| INVOKING Heroism.
  3023 | D:5      | 3023 ||| INVOKING Heroism.
  3032 | D:5      | Killed a water moccasin
  3033 | D:5      | Reached skill level 6 in Axes
  3033 | D:5      | Reached XP level 7. HP: 19/44 MP: 4/7
  3127 | D:5      | 3127 ||| READING scroll of enchant armour.
  3127 | D:5      | 3127 ||| ENCHANTING +0 pair of boots.
  3130 | D:5      | 3130 ||| DROPPING +0 flail.
  3214 | D:5      | 3214 ||| INVOKING Heroism.
  3222 | D:5      | Reached skill level 1 in Dodging
  3222 | D:5      | Reached skill level 1 in Invocations
  3252 | D:5      | Noticed Blork the orc
  3253 | D:5      | 3253 ||| INVOKING Heroism.
  3260 | D:5      | Killed Blork the orc
  3469 | D:5      | Reached skill level 3 in Invocations
  3535 | D:5      | Reached XP level 8. HP: 45/48 MP: 10/10
  3724 | D:5      | 3724 ||| READING scroll labelled QUOSOM TUENACH.
  3786 | D:6      | 3786 ||| Stepping ~*~*~tactically~*~*~ (hiding).
  3791 | D:6      | Noticed Duvessa
  3792 | D:6      | 3792 ||| INVOKING Heroism.
  3794 | D:6      | Reached skill level 7 in Axes
  3796 | D:6      | Noticed Dowan
  3812 | D:6      | Killed Duvessa
  3815 | D:6      | 3815 ||| Stepping ~*~*~tactically~*~*~ (hiding).
  3821 | D:6      | Killed Dowan
  3822 | D:6      | Reached skill level 1 in Throwing
  3885 | D:6      | Found a runed translucent door.
  3885 | D:6      | Noticed qw's ghost (novice GrFi)
  3906 | D:6      | Found a staircase to the Ecumenical Temple.
  3921 | D:6      | 3921 ||| Stepping ~*~*~tactically~*~*~ (stealth).
  3926 | D:6      | Noticed Sigmund
  3927 | D:6      | 3927 ||| INVOKING Heroism.
  3937 | D:6      | 3937 ||| DRINKING 2 potions of curing.
  3937 | D:6      | 3937 ||| (to cure confusion)
  3938 | D:6      | Killed Sigmund
  4034 | D:6      | Reached skill level 8 in Axes
  4070 | D:6      | Found a shimmering blue altar of Sif Muna.
  4075 | D:6      | 4075 ||| INVOKING Heroism.
  4183 | D:6      | Noticed Edmund
  4184 | D:6      | 4184 ||| Stepping ~*~*~tactically~*~*~ (stealth).
  4186 | D:6      | 4186 ||| Stepping ~*~*~tactically~*~*~ (hiding).
  4189 | D:6      | 4189 ||| INVOKING Heroism.
  4197 | D:6      | HP: 3/50 [Edmund/+4 flail of protection (13)]
  4198 | D:6      | 4198 ||| READING scroll of teleportation.
  4199 | D:6      | Mangled by Edmund

Levels and vault maps discovered:
D:1:      nzn_arrival_depleted_hourglass, layout_basic
D:2:      layout_rooms, basic_altar
D:3:      layout_loops_ring, bloody_makhleb
D:4:      layout_basic, old_standard_altar, nicolae_shop_self_help
D:5:      layout_basic, uniq_blork_the_orc
D:6:      layout_rooms, good_gods_mini_temple, nicolae_overflow_crystal_walls,
          minmay_temple_entry_enclosed_plants, hellmonk_ghost_happy_afterlife,
          uniq_duvessa, uniq_sigmund, uniq_edmund

Skill      XL: |  1  2  3  4  5  6  7  8 |
---------------+-------------------------+-----
Axes           | 2 3 4 5 6 8 |  8.0
Fighting       | 4 5 |  5.4
Dodging        | 1 |  1.0
Invocations    | 3 4 |  4.0
Throwing       | 1 |  1.1
Armour         | 4 |  4.0
Shields        | |  3.2

Action                     |  1- 3 |  4- 6 |  7- 9 || total
---------------------------+-------+-------+-------++-------
  Melee: War axe           |    96 |   112 |   130 ||   338
  Throw: Boomerang         |       |    18 |    19 ||    37
 Invoke: Heroism           |       |     2 |     6 ||     8
    Use: Scroll            |    11 |     1 |     3 ||    15
         Potion            |     1 |       |     1 ||     2
 Armour: Scale mail        |    16 |       |       ||    16
         Chain mail        |    42 |    71 |    79 ||   192
  Dodge: Dodged            |    35 |    38 |    38 ||   111
  Block: Buckler           |    17 |    18 |    26 ||    61

Table legend:
 A = Non-vault XP
 B = Vault XP
 C = Vault XP percentage of total XP
 D = Non-vault monster count
 E = Vault monster count
 F = Vault count percentage of total count
                 A         B        C        D         E       F
            +---------+---------+-------+---------+---------+-------
      Total |    1599 |     545 |  25.4 |      90 |       4 |   4.3
            +---------+---------+-------+---------+---------+-------
        D:1 |      33 |       0 |   0.0 |      17 |       0 |   0.0
        D:2 |      27 |       0 |   0.0 |      13 |       0 |   0.0
        D:3 |      30 |       0 |   0.0 |      13 |       0 |   0.0
        D:4 |     357 |       0 |   0.0 |      23 |       0 |   0.0
        D:5 |     682 |      99 |  12.7 |      16 |       1 |   5.9
        D:6 |     470 |     446 |  48.7 |       8 |       3 |  27.3
            +---------+---------+-------+---------+---------+-------
